Map: Data-C

Players

Maru - Winner!

  • Race: Terran Terran
  • League: Master
  • Spawn Location: 3:00

Classic

  • Race: Protoss Protoss
  • Spawn Location: 9:00

VOD

Have the link to the VOD?

Description

Time

  • Played on: Oct. 20, 2022, 7:15 a.m.
  • Length: 5:38
Show
View Real Time Build Order
Export as new Build Order

Maru Terran - Winner!

Build Orders: Gas First Reaper Expand, Liberator Opening 

Get SALT Encoding   

  12  0:00  SCV  
  13  0:12  SCV  
  14  0:17  Supply Depot  
  14  0:24  SCV  
  15  0:29  Refinery  
  15  0:38  SCV  
  16  0:44  Barracks  
  16  0:50  SCV  
  17  1:02  SCV  
  18  1:14  SCV  
  19  1:30  Orbital Command  
  19  1:31  Reaper  
  20  1:41  Command Center  
  20  1:52  Factory  
  20  1:56  SCV  
  21  2:06  Barracks Reactor  
  21  2:08  SCV  
  21  2:12  Supply Depot  
  22  2:16  Refinery  
  22  2:20  SCV  
  23  2:34  SCV  
  24  2:43  Starport  
  24  2:46  SCV  
  24  2:50  Hellion x2  
  24  2:51  Barracks Tech Lab  
  29  2:57  Orbital Command  
  29  2:58  SCV  
  30  3:10  SCV  
  30  3:11  Hellion  
  33  3:12  Orbital Command  
  33  3:13  Hellion  
  35  3:20  Medivac  
  35  3:24  Supply Depot  
  35  3:25  SCV  
  38  3:33  Widow Mine  
  40  3:34  Widow Mine  
  40  3:38  SCV  
  40  3:39  SCV  
  44  3:47  Supply Depot  
  44  3:50  SCV  
  44  3:51  SCV  
  44  3:54  Liberator  
  49  4:02  SCV  
  50  4:03  SCV  
  50  4:04  Marine x2  
  50  4:09  Siege Tank  
  56  4:16  SCV  
  57  4:18  SCV  
  52  4:26  Marine x2  
  52  4:28  SCV  
  52  4:29  Command Center  
  52  4:30  SCV  
  54  4:39  Bunker  
  54  4:40  SCV  
  54  4:44  Siege Tank, Marine x2  
  60  4:46  SCV  
  60  4:47  Refinery  
  62  4:52  SCV  
  62  4:58  SCV  
  62  5:06  Supply Depot  
  62  5:11  Marine x2  
  62  5:12  Barracks  
  62  5:13  Barracks  
  62  5:15  SCV  
  62  5:18  SCV  
  62  5:20  Supply Depot  
Show
View Real Time Build Order
Export as new Build Order

Classic Protoss 

Build Orders: 1 Gate Expand, Blink Stalkers 

Get SALT Encoding   

  12  0:00  Probe  
  13  0:12  Probe  
  14  0:17  Pylon  
  14  0:24  Probe  
  15  0:35  Gateway  
  15  0:37  Probe (Chrono Boost)  
  16  0:46  Probe (Chrono Boost)  
  16  0:47  Assimilator  
  17  0:51  Probe (Chrono Boost)  
  18  1:03  Probe  
  19  1:15  Probe  
  20  1:23  Cybernetics Core  
  20  1:33  Nexus  
  20  1:39  Pylon  
  20  1:42  Probe  
  20  1:46  Assimilator  
  21  1:54  Probe  
  22  1:56  Stalker (Chrono Boost)  
  22  2:01  Warp Gate  
  24  2:06  Probe  
  25  2:18  Probe  
  25  2:21  Twilight Council  
  26  2:29  Stalker  
  28  2:30  Probe  
  28  2:35  Shield Battery  
  29  2:43  Probe (Chrono Boost)  
  30  2:45  Probe (Chrono Boost)  
  31  2:53  Probe (Chrono Boost)  
  31  2:54  Probe (Chrono Boost), Blink (Chrono Boost)  
  33  2:58  Probe (Chrono Boost)  
  33  2:59  Probe (Chrono Boost)  
  35  3:08  Probe  
  35  3:11  Probe  
  37  3:13  Gateway  
  37  3:20  Robotics Facility  
  37  3:22  Probe  
  37  3:23  Probe  
  39  3:33  Pylon  
  39  3:34  Probe  
  39  3:35  Probe  
  39  3:39  Assimilator  
  41  3:43  Gateway  
  41  3:47  Probe x2  
  43  3:52  Stalker  
  45  3:59  Probe x2  
  45  4:02  Assimilator, Pylon  
  47  4:07  Observer  
  39  4:20  Probe (Chrono Boost)  
  39  4:22  Probe (Chrono Boost)  
  39  4:23  Stalker x2  
  40  4:33  Probe (Chrono Boost)  
  40  4:38  Probe (Chrono Boost)  
  42  4:39  Probe (Chrono Boost)  
  42  4:40  Robotics Bay  
  42  4:45  Probe  
  44  4:47  Probe, Stalker  
  47  5:00  Stalker  
  47  5:01  Stalker  
  46  5:15  Probe  
Tags
 
Add a new tag
Caveats
  • Supply blocks, unpowered buildings, or Contaminate may cause inaccurate times.
  • Supply counts are checked every 10 seconds.